 Dungeon Crawl Stone Soup version 0.26-a0-1053-gaff5f71418 (webtiles) character file.

Game seed: 7261196882406282883

527 dolemite99 the Cleaver (level 7, -1/57 HPs)
             Began as a Hill Orc Abyssal Knight on Dec 12, 2020.
             Was a Priest of Lugonu.
             Slain by Edmund
             ... wielding a +0 vorpal dire flail
              (2 damage)
             ... on level 4 of the Dungeon.
             The game lasted 00:06:49 (5565 turns).

dolemite99 the Cleaver (Hill Orc Abyssal Knight)    Turns: 5565, Time: 00:06:49

Health: -1/57      AC:  7    Str: 17    XL:     7   Next: 23%
Magic:  8/8        EV:  9    Int: 12    God:    Lugonu [***...]
Gold:   131        SH:  0    Dex: 10    Spells: 6/6 levels left

rFire    . . .     SeeInvis .   a - +1 hand axe
rCold    . . .     Faith    .   (no shield)
rNeg     + . .     Spirit   .   y - +0 scale mail
rPois    .         Reflect  .   (no helmet)
rElec    .         Harm     .   (no cloak)
rCorr    .         Rampage  .   m - -1 pair of gloves (curse)
Will     .....                  f - +0 pair of boots
Stlth    ..........             (no amulet)
HPRegen  0.19/turn              i - ring of positive energy
MPRegen  0.11/turn              (no ring)

@: no status effects
A: no striking features
a: Depart the Abyss, Bend Space, Banish, Renounce Religion


You were on level 4 of the Dungeon.
You worshipped Lugonu.
Lugonu was most pleased with you.
You visited 1 branch of the dungeon, and saw 4 of its levels.
You visited the Abyss 1 time.

You collected 131 gold pieces.

Inventory:

Hand Weapons
 a - a +1 hand axe (weapon)
 b - a +0 hunting sling
 w - a +0 hunting sling
Missiles
 d - 137 stones (quivered ammo)
 h - 8 bolts
 o - 4 atropa-tipped darts
 p - 5 sling bullets
 u - 53 arrows
 z - 5 javelins
Armour
 f - a +0 pair of boots (worn)
 m - a cursed -1 pair of gloves (worn)
 y - a +0 scale mail (worn)
Jewellery
 i - a ring of positive energy (left hand)
Scrolls
 c - 2 scrolls of noise {unknown}
 e - a scroll of blinking {unknown}
 k - 3 scrolls of teleportation
 q - a scroll of enchant armour {unknown}
 r - a scroll of amnesia {unknown}
 s - a scroll of remove curse {unknown}
Potions
 g - a potion of haste
 j - a potion of mutation {unknown}
 l - 4 potions of degeneration
 n - a potion of attraction
 v - 2 potions of magic {unknown}
 x - a potion of cancellation {unknown}


   Skills:
 - Level 3.6 Fighting
 - Level 9.2 Axes
 + Level 2.5 Throwing
 - Level 2.1 Armour
 - Level 0.7 Dodging
 - Level 2.4 Invocations


You had 6 spell levels left.
You didn't know any spells.
Your spell library was empty.

Dungeon Overview and Level Annotations

Branches:
Dungeon (4/15)
 Temple: D:4-7

Altars:
Cheibriados
Elyvilon
Nemelex Xobeh
Trog
Wu Jian

Annotations:
D:4 Edmund


Message History

The orc wizard gestures wildly while chanting.
The orc wizard seems to speed up.
You hit Edmund.
Edmund is almost dead.
Edmund closely misses you.
You feel better.
Edmund hits you with a +0 vorpal dire flail.
You hit Edmund but do no damage.
Edmund is almost dead.
You hit Edmund but do no damage.
Edmund is almost dead.
Edmund hits you with a +0 vorpal dire flail!
* * * LOW HITPOINT WARNING * * *
x2 You hit Edmund.
Edmund is almost dead.
The orc wizard mumbles some strange words.
The orc wizard blinks!
Edmund hits you with a +0 vorpal dire flail!
* * * LOW HITPOINT WARNING * * *
You die...

*,,,,,,,*,,** ##.........#######
*,,,,,,,*,,,* #...........P.....
***,,,***#,,* #.#....≈≈......##*
*,,,,,,,*..,* #.#.P.♣≈≈≈.....###
*,,,*,,,*...####'#....≈≈≈≈..P....
***+*+***...........P.≈≈≈≈≈......
,,,,*,,,,.#....<.....≈≈≈≈≈≈≈.....
,,,_*,,,,,#......h.≈≈≈≈≈≈≈≈≈≈....
,,*****,,,######@#.≈≈≈≈≈≈≈≈≈≈.###
,,,,*,,,,,* #@#..≈≈≈≈≈≈≈≈P.#
,,,,*,,,..######§#...♣≈≈≈≈≈...#
***+*+**#......)o!....≈≈≈≈....###
*,,,*,,,#!.....)>.......P........
*,,,,,,,#......)).#####..........
***,,,**##........# ##########.
*,,,,,,,#.........#*** #.
*,,,,,,,#........$+,,* ***** #.


You could see Edmund, a howler monkey and an orc.

Vanquished Creatures
  Blork the orc (D:4)
  A scorpion (D:4)
  A hound (D:4)
  A centaur skeleton (D:4)
  An orc priest (D:4)
  A bullfrog skeleton (D:4)
  An iguana (D:4)
  4 worker ants
  4 adders
  An ooze (D:3)
  3 worms
  2 leopard geckos
  9 orcs
  13 bats
  4 giant cockroaches
  12 goblins
  18 hobgoblins
  4 jackals
  4 quokkas
  2 ball pythons
  4 frilled lizards
  8 kobolds
  7 rats
106 creatures vanquished.

Vanquished Creatures (others)
  9 plants (D:4)
9 creatures vanquished.

Grand Total: 115 creatures vanquished

Notes
Turn   | Place    | Note
-------+----------+-------------------------------------------
     0 | Abyss:1  | dolemite99 the Hill Orc Abyssal Knight began the quest for
                  | the Orb.
     0 | Abyss:1  | Reached XP level 1. HP: 19/19 MP: 2/2
    90 | Abyss:1  | Found a corrupted altar of Lugonu.
   104 | Abyss:1  | Noticed a large abomination
   105 | D:1      | Escaped the Abyss
   166 | D:1      | Reached skill level 3 in Axes
   176 | D:1      | Reached XP level 2. HP: 22/26 MP: 3/3
   191 | D:1      | Reached * piety under Lugonu
   297 | D:1      | Reached skill level 4 in Axes
   706 | D:1      | Reached XP level 3. HP: 29/31 MP: 4/4
  1111 | D:2      | Reached skill level 5 in Axes
  1293 | D:2      | Reached XP level 4. HP: 36/39 MP: 5/5
  1297 | D:2      | Reached ** piety under Lugonu
  1966 | D:2      | Reached skill level 6 in Axes
  2299 | D:3      | Found a snail-covered altar of Cheibriados.
  2432 | D:3      | Found a white marble altar of Elyvilon.
  2446 | D:3      | Reached XP level 5. HP: 41/45 MP: 6/6
  2583 | D:3      | Found an ornate altar of the Wu Jian Council.
  3011 | D:3      | Reached skill level 7 in Axes
  3707 | D:4      | Reached skill level 8 in Axes
  3707 | D:4      | Reached XP level 6. HP: 37/51 MP: 7/7
  4387 | D:4      | Found a bloodstained altar of Trog.
  4981 | D:4      | Reached skill level 9 in Axes
  5086 | D:4      | Found a sparkling altar of Nemelex Xobeh.
  5230 | D:4      | Noticed Blork the orc
  5238 | D:4      | Killed Blork the orc
  5239 | D:4      | Reached skill level 1 in Throwing
  5239 | D:4      | Reached XP level 7. HP: 42/57 MP: 8/8
  5501 | D:4      | Noticed Edmund
  5546 | D:4      | Reached *** piety under Lugonu
  5565 | D:4      | HP: 1/57 [Edmund/+0 vorpal dire flail (7)]
  5565 | D:4      | Slain by Edmund

Illustrated notes

Levels and vault maps discovered:
D:1:      lightli_arrival_chessboard, layout_loops_ring
D:2:      layout_rooms
D:3:      layout_basic, elyvilon_altar_3, general_overflow_altar,
          lemuel_round_altar
D:4:      layout_basic, nicolae_overflow_crystal_walls, hangedman_ru_absence,
          lemuel_crystal_altar, marbit_many_paths,
          nicolae_overflow_hidden_temple, guppyfry_early_lair_pool,
          uniq_crazy_yiuf_cottage, uniq_edmund, uniq_blork_the_orc

Skill      XL: |  1  2  3  4  5  6  7 |
---------------+----------------------+-----
Axes           | 3 4 5 6 8 9 |  9.2
Throwing       | 1 2 |  2.5
Fighting       | |  3.6
Armour         | |  2.1
Dodging        | |  0.7
Invocations    | |  2.4

Action                   |  1- 3 |  4- 6 |  7- 9 || total
-------------------------+-------+-------+-------++-------
Melee: Hand axe          |   107 |   188 |    62 ||   357
 Fire: Hunting sling     |     9 |    97 |     5 ||   111
Throw: Dart              |       |     1 |       ||     1
Invok: Depart the Abyss  |     1 |       |       ||     1
  Use: Scroll            |       |     4 |     1 ||     5
       Potion            |       |       |     4 ||     4
 Stab: Invisible         |       |     1 |       ||     1
Armor: Leather armour    |    44 |    23 |       ||    67
       Scale mail        |       |    38 |    17 ||    55
Dodge: Dodged            |    82 |    96 |    25 ||   203

Table legend: (Time is in decaauts)
 A = Elapsed time spent in this place.
 B = Non-inter-level travel time spent in this place.
 C = Inter-level travel time spent in this place.
 D = Time resting spent in this place.
 E = Time spent auto-exploring this place.
 F = Levels seen in this place.
 G = Mean time per level.
                   A        B        C        D        E       F      G
               +--------+--------+--------+--------+--------+-----+--------+
         Total |   5538 |   5448 |     90 |   2439 |   1957 |   5 | 1107.6 |
       Dungeon |   5433 |   5343 |     90 |   2439 |   1853 |   4 | 1358.2 |
         Abyss |    105 |    105 |      0 |      0 |    104 |   1 |  105.0 |
               +--------+--------+--------+--------+--------+-----+--------+

Top non-repeatable levels by time:
     D:3: 1971 daAuts
     D:4: 1540 daAuts
     D:1: 969 daAuts
     D:2: 952 daAuts
 Abyss:1: 105 daAuts
